 Dungeon Crawl Stone Soup version 0.26-a0-651-gb41185065b (webtiles) character file.

Game seed: 14956775454811941635

116960 oope the Warrior (level 16, 0/189 HPs)
             Began as an Octopode Chaos Knight on Sept 28, 2020.
             Was a High Priest of Okawaru.
             Killed from afar by a deep elf mage (28 damage)
             ... with a bolt of lightning
             ... on level 2 of the Elven Halls.
             The game lasted 00:45:46 (39394 turns).

oope the Warrior (Octopode Chaos Knight)           Turns: 39394, Time: 00:45:46

Health: 0/189      AC: 28    Str: 19    XL:     16   Next: 72%
Magic:  39/39      EV:  2    Int: 18    God:    Okawaru [*****.]
Gold:   2323       SH: 32    Dex: 13    Spells: 20/31 levels left

rFire    . . .     SeeInvis .     - Unarmed
rCold    + + .     Faith    .   p - +7 tower shield {rPois}
rNeg     + + +     Spirit   .   (helmet currently unavailable)
rPois    +         Reflect  +   C - amulet of reflection
rElec    .         Harm     .   H - ring of stealth
rCorr    .         Rampage  .   y - ring of wizardry
MR       +++..     Clarity  +   X - ring of magical power Stlth ++++......NoTele +
                                I - ring of wizardry
HPRegen  0.41/turn              L - ring of positive energy
MPRegen  0.26/turn              n - +6 ring of strength
                                B - ring of protection from cold
                                b - ring of protection from cold

@: tree-form, heroism, very slightly contaminated, invisible
A: almost no armour, stealthy swim, (amphibious), 8 rings, (constrict 8), agile
1, clarity, dopey 1, high mp 1, magic resistance 2, screaming 1, wild magic 1
a: Heroism, Finesse, Renounce Religion


You were on level 2 of the Elven Halls.
You worshipped Okawaru.
Okawaru was extremely pleased with you.
You were a tree.
You visited 5 branches of the dungeon, and saw 26 of its levels.
You also visited: Sewer.

You collected 3303 gold pieces.
You spent 980 gold pieces at shops.

Inventory:

Missiles
 G - 2 silver javelins
 U - 16 curare-tipped darts (quivered)
 V - 6 datura-tipped darts
Armour
 l - a +2 kite shield of reflection
 p - a +7 tower shield of poison resistance (worn)
Jewellery
 b - a ring of protection from cold (on tentacle)
 k - an uncursed ring of stealth
 n - a +6 ring of strength (on tentacle)
 y - a ring of wizardry (right branch)
 B - a ring of protection from cold (on tentacle)
 C - an amulet of reflection (around neck)
 F - an uncursed ring of resist corrosion
 H - a ring of stealth (left branch)
 I - a ring of wizardry (on tentacle)
 J - an uncursed ring of poison resistance
 L - a ring of positive energy (on tentacle)
 X - a ring of magical power (on tentacle)
Wands
 i - a wand of polymorph (20)
 j - a wand of disintegration (15)
 E - a wand of paralysis (3)
 M - a wand of digging (9)
 N - a wand of flame (31)
 Y - a wand of enslavement (23)
Scrolls
 a - 6 scrolls of blinking
 c - 5 scrolls of immolation
 d - 4 scrolls of amnesia
 e - a scroll of silence {unknown}
 g - 3 scrolls of magic mapping
 q - 5 scrolls of fear
 r - 6 scrolls of fog
 u - 9 scrolls of remove curse {@r2}
 v - a scroll of acquirement {unknown}
 x - 12 scrolls of teleportation {@r3}
 S - 2 scrolls of vulnerability
 Z - a scroll of summoning
Potions
 f - 4 potions of heal wounds
 h - 4 potions of stabbing
 m - 7 potions of haste
 o - 13 potions of curing {@q1}
 s - 4 potions of cancellation
 t - 8 potions of might
 w - 5 potions of magic
 z - 6 potions of berserk rage
 A - 3 potions of ambrosia
 K - 3 potions of lignification
 P - a potion of resistance
 T - 2 potions of invisibility
 W - 5 potions of flight {unknown}
Miscellaneous
 D - a phantom mirror
 O - a lightning rod (4/4)
 Q - a box of beasts (inert)


   Skills:
 + Level 16.9(21.9) Fighting
 - Level 9.0(14.0) Dodging
 * Level 12.0(17.0) Shields
 + Level 13.4(18.4) Unarmed Combat
 - Level 8.0 Spellcasting
 - Level 3.0 Translocations
 - Level 6.0 Ice Magic
 - Level 7.0 Invocations
 - Level 6.0 Evocations


You had 20 spell levels left.
You knew the following spells:

 Your Spells              Type           Power        Failure   Level
a - Blink                 Tloc           N/A          4%          2
b - Mephitic Cloud        Conj/Pois/Air  #.......     26%         3
c - Ozocubu's Armour      Ice            #####...     3%          3
d - Frozen Ramparts       Ice            #####.       3%          3

Your spell library contained the following spells:

 Spells                   Type           Power        Failure   Level
 Freeze                   Ice            ####         1%          1
 Foxfire                  Conj/Fire      #...         10%         1
 Magic Dart               Conj           #...         10%         1
 Shock                    Conj/Air       #...         10%         1
 Call Imp                 Summ           #.......     14%         2
 Slow                     Hex            #.......     14%         2
 Swiftness                Air            #.......     14%         2
 Hailstorm                Conj/Ice       ###.....     24%         4
 Summon Ice Beast         Ice/Summ       ###.....     24%         4
 Conjure Flame            Conj/Fire      #.......     26%         3
 Inner Flame              Hex/Fire       #.......     26%         3
 Static Discharge         Conj/Air       #.......     26%         3
 Airstrike                Air            #.........   58%         4
 Sticky Flame             Conj/Fire      #.......     58%         4
 Fireball                 Conj/Fire      #.........   88%         5
 Lightning Bolt           Conj/Air       #.........   88%         5


Dungeon Overview and Level Annotations

Branches:
Dungeon (15/15)            Temple (1/1) D:6            Lair (6/6) D:8
  Swamp (0/4) Lair:2        Snake (0/4) Lair:4        Slime (0/5) Lair:6
    Orc (2/2) D:9             Elf (2/3) Orc:2        Vaults (0/5) D:14
 Depths (0/5) D:15          Sewer (visited)

Altars:
Ashenzari
Cheibriados
Dithmenos
Elyvilon
Gozag
Hepliaklqana
Kikubaaqudgha
Makhleb
Nemelex Xobeh
Okawaru
Qazlal
Ru
Sif Muna
Trog
Uskayaw
Vehumet
Wu Jian
Xom
Yredelemnul
The Shining One
Beogh
Lugonu

Shops:
D:8 :   Orc:2 ?(?(}

Portals:
Hell: Lair:6

Annotations:
D:13 2 transporters, Xuantum's ghost, journeyman GnIE


Innate Abilities, Weirdness & Mutations

You cannot wear most types of armour.
You are very stealthy in the water. (Stealth+)
((You are amphibious.))
You can wear up to eight rings at the same time.
((You can use your tentacles to constrict eight enemies at once.))
((Your skin changes colour to match your surroundings (Stealth+).))
((Your rubbery body absorbs attacks. (AC +1, EV +1)))
You are agile. (Dex +2)
You possess an exceptional clarity of mind.
((Your flesh is cold resistant. (rC+)))
You are dopey. (Int -2)
((Your flesh is very heat resistant. (rF++)))
You have an increased reservoir of magic. (+10% MP)
You are highly resistant to hostile enchantments. (MR++)
You occasionally shout uncontrollably at your foes.
Your spells are a little harder to cast, but a little more powerful.


Message History

You squeeze the deep elf knight. You constrict the deep elf knight.
The deep elf knight closely misses you. You block something's attack.
You batter the deep elf knight!!
You kill the deep elf knight!
Okawaru accepts your kill. You block something's attack.
Okay, then.
It was a potion of lignification.
You turn into a tree.
Your roots penetrate the ground.
The deep elf mage casts a spell at you. The bolt of lightning hits you!!
* * * LOW HITPOINT WARNING * * *
The bolt of lightning hits something!!!
Reactivating autopickup.
You feel a bit more experienced.
Okay, then.
You feel better. The deep elf mage casts a spell at you.
The bolt of lightning hits you!!
You die...

.. #. #$# ##.# #(#
###.## ##. #.. ##....#
#....#e##########..^...
#....?..))))))().......
#....#.#########H(..(.(
.##.. #)# ##§#.)....
...#####♣# ##(###....#
.......#)######(##
#####.
.............()## #
............####
#.#.#.#)#.#.#
............#
####+###..#.# ##...#
.#.#.#


You could see a deep elf mage.

Vanquished Creatures
  Rupert (Lair:4)
  2 deep elf sorcerers (Elf:1)
  2 stone giants
  A deep elf demonologist (Elf:1)
  Azrael (D:15)
  A dire elephant (Lair:6)
  A yaktaur captain (D:15)
  2 vault guards
  3 centaur warriors
  5 hydras
  8 dancing weapons
  6 two-headed ogres
  5 death yaks
  2 tengu warriors (D:13)
  4 orc high priests
  Urug (Lair:4)
  A sun demon (Lair:6)
  A fire crab (D:7)
  Nergalle (D:12)
  5 deep elf knights
  An unseen horror (D:11)
  8 deep elf archers
  6 wizards
  26 deep elf magi
  5 orc knights
  A necromancer (D:14)
  5 orc sorcerers
  5 oklob plants
  6 cyclopes
  5 ugly things
  2 manticores
  2 black mambas
  3 orange demons (Lair:6)
  A gargoyle (D:11)
  A yaktaur (D:15)
  19 cane toads
  7 komodo dragons
  A tengu conjurer (D:13)
  An efreet (D:14)
  3 kobold demonologists (D:13)
  2 ice devils (Lair:6)
  A red devil (Lair:6)
  5 rime drakes
  A hellwing (Lair:6)
  3 meliai (D:15)
  12 trolls
  A hornet (D:11)
  13 blink frogs
  An air elemental (Elf:2)
  10 hippogriffs
  Sigmund (D:2)
  3 water elementals
  4 acid dragons
  7 wyverns
  6 wraiths
  24 yaks
  6 fire elementals
  15 humans
  3 basilisks
  8 vampire mosquitoes
  3 wargs
  Menkaure (D:6)
  12 water moccasins
  6 hell hounds
  9 porcupines
  3 ice beasts
  32 orc warriors
  6 sky beasts
  Purgy (Sewer)
  2 eyes of draining
  4 black bears
  6 ogres
  6 phantoms
  4 wolves (D:11)
  2 boggarts (Elf:1)
  19 centaurs
  4 lemures (D:8)
  4 big kobolds
  16 crocodiles
  2 earth elementals (Elf:2)
  24 bullfrogs
  A wyvern zombie (D:14)
  8 scorpions
  A wyvern skeleton (D:12)
  2 troll zombies (D:9)
  A water moccasin skeleton (D:7)
  9 killer bees (D:12)
  A howler monkey (D:7)
  14 wights
  5 electric eels
  3 jellies
  4 quasits
  5 bullfrog zombies
  9 hounds
  28 orc priests
  Crazy Yiuf (D:3)
  2 bullfrog skeletons
  A centaur skeleton (D:7)
  4 iguanas
  Natasha (thrice) (D:3)
  24 orc wizards
  10 worker ants
  6 ogre zombies (D:9)
  2 hound skeletons
  A howler monkey zombie (D:6)
  A worker ant zombie (D:10)
  15 adders
  A gnoll (Orc:1)
  A howler monkey skeleton (D:7)
  5 shadow imps
  4 white imps
  5 ufetubi
  4 oozes (Lair:6)
  An adder skeleton (D:8)
  9 worms
  2 dart slugs
  7 leopard geckos
  81 orcs
  9 giant cockroaches
  9 goblins
  10 hobgoblins
  2 jackals (D:8)
  8 quokkas
  7 ball pythons
  20 bats
  9 frilled lizards
  A goblin skeleton (D:9)
  4 goblin zombies (D:9)
  3 hobgoblin skeletons (D:9)
  4 hobgoblin zombies (D:9)
  18 kobolds
  An orc skeleton (D:9)
  12 orc zombies (D:9)
  8 rats
  A fire vortex (D:14)
860 creatures vanquished.

Vanquished Creatures (collateral kills)
  A wyvern (D:11)
  Grum (D:11)
  A bullfrog zombie (D:11)
3 creatures vanquished.

Vanquished Creatures (others)
  3 deep elf knights (Elf:2)
  3 deep elf magi
  A steam dragon (D:9)
  An orc priest (Orc:2)
  32 fungi
  19 plants
59 creatures vanquished.

Grand Total: 922 creatures vanquished

Notes
Turn   | Place    | Note
-------+----------+-------------------------------------------
     0 | D:1      | oope the Octopode Chaos Knight began the quest for the Orb.
     0 | D:1      | Reached XP level 1. HP: 16/16 MP: 1/1
   134 | D:1      | XOM: silly message
   147 | D:1      | XOM: silly message
   249 | D:1      | Reached XP level 2. HP: 21/21 MP: 2/2
   272 | D:1      | XOM: cloud trail
   337 | D:1      | XOM: god gift: scroll labeled CONACU CIUMEA {god gift}
   608 | D:1      | XOM is BORED!
   608 | D:1      | XOM: give mutations
   608 | D:1      | Gained mutation: You occasionally shout uncontrollably at
                  | your foes. [Xom's mischief]
   608 | D:1      | Gained mutation: You are dopey. (Int -2) [Xom's mischief]
   833 | D:1      | Reached XP level 3. HP: 26/26 MP: 3/3
   883 | D:1      | XOM: scenery: summon butterflies
  1052 | D:2      | Found a bloodstained altar of Trog.
  1111 | D:2      | Noticed Sigmund
  1113 | D:2      | XOM: fog
  1126 | D:2      | Killed Sigmund
  1126 | D:2      | Reached XP level 4. HP: 32/33 MP: 4/4
  1126 | D:2      | Reached XP level 5. HP: 36/37 MP: 5/5
  1129 | D:2      | XOM: god gift: flail {god gift}
  1216 | D:2      | Reached skill level 4 in Fighting
  1285 | D:2      | Reached skill level 5 in Unarmed Combat
  1311 | D:2      | Reached XP level 6. HP: 28/43 MP: 6/6
  1689 | D:2      | XOM: scenery: 1 doors close
  1743 | D:2      | Found a white marble altar of Elyvilon.
  1939 | D:2      | Found a hide-covered altar of Uskayaw.
  2012 | D:2      | XOM: give mutations
  2012 | D:2      | Gained mutation: You have an increased reservoir of magic.
                  | (+10% MP) [Xom's grace]
  2012 | D:2      | Gained mutation: You are resistant to hostile enchantments.
                  | (MR+) [Xom's grace]
  2012 | D:2      | Gained mutation: You are agile. (Dex +2) [Xom's grace]
  2116 | D:3      | XOM: stealth player
  2136 | D:3      | XOM: polymorph frilled lizard -> orc
  2198 | D:3      | Found an ornate altar of the Wu Jian Council.
  2227 | D:3      | XOM: god gift: 24 stones
  2266 | D:3      | Noticed Natasha
  2285 | D:2      | XOM: give mutations
  2285 | D:2      | Gained mutation: Your flesh is heat resistant. (rF+) [Xom's
                  | grace]
  2285 | D:2      | Gained mutation: Your flesh is cold resistant. (rC+) [Xom's
                  | grace]
  2382 | D:3      | Killed Natasha
  2398 | D:3      | Noticed Natasha
  2409 | D:3      | Killed Natasha
  2429 | D:3      | Noticed Natasha
  2433 | D:3      | Killed Natasha
  2596 | D:3      | Reached XP level 7. HP: 23/49 MP: 7/7
  2704 | D:3      | XOM: scenery: create altars
  2804 | D:3      | You fall into a shaft and drop 2 floors!
  2804 | D:5      | Entered Level 5 of the Dungeon
  2857 | D:5      | XOM: fog
  2859 | D:5      | XOM: scenery: 1 doors open, 2 doors close
  2861 | D:5      | Reached skill level 1 in Evocations
  2909 | D:5      | XOM: give mutations
  2909 | D:5      | Gained mutation: Your spells are a little harder to cast,
                  | but a little more powerful. [Xom's grace]
  2909 | D:5      | Gained mutation: You are highly resistant to hostile
                  | enchantments. (MR++) [Xom's grace]
  2909 | D:5      | Gained mutation: Your spells are harder to cast, but more
                  | powerful. [Xom's grace]
  2909 | D:5      | Gained mutation: One of your tentacles bears a spike.
                  | [Xom's grace]
  3270 | D:5      | XOM: 6-stop teleportation journey
  3322 | D:5      | Found a glowing golden altar of the Shining One.
  3598 | D:4      | XOM: scenery: summon butterflies
  3603 | D:4      | Found a burning altar of Makhleb.
  3650 | D:4      | Found a glowing drain.
  3654 | Sewer    | Entered a sewer
  3667 | Sewer    | Noticed Purgy
  3716 | Sewer    | Killed Purgy
  3716 | Sewer    | Reached skill level 5 in Fighting
  3955 | Sewer    | XOM: god gift: scroll labeled MEQOCZUAQU {god gift}
  4013 | D:4      | Reached XP level 8. HP: 50/55 MP: 8/8
  4166 | D:4      | XOM: cloud trail
  4405 | D:4      | Found a shadowy altar of Dithmenos.
  4819 | D:4      | XOM: cloud trail
  4873 | D:4      | XOM: god gift: scroll labeled GIVOUNAUCK {god gift}
  4954 | D:3      | Found a runed translucent door.
  4955 | D:3      | Noticed Crazy Yiuf
  5000 | D:3      | XOM: cloud trail
  5046 | D:3      | Killed Crazy Yiuf
  5291 | D:5      | Reached skill level 5 in Dodging
  5347 | D:5      | XOM: 2-stop teleportation journey
  5379 | D:6      | Found a staircase to the Ecumenical Temple.
  5395 | D:6      | XOM: cast spell 'Olgreb's Toxic Radiance'
  5397 | D:6      | XOM: snakes to sticks
  5642 | D:6      | Noticed Menkaure
  5648 | D:6      | Killed Menkaure
  5773 | D:6      | XOM: cast spell 'Chain of Chaos'
  5812 | Temple   | Entered the Ecumenical Temple
  5826 | Temple   | Fell from the grace of Xom
  5826 | Temple   | Became a worshipper of Warmaster Okawaru
  6250 | D:6      | Reached skill level 5 in Evocations
  6274 | D:6      | Noticed Edmund
  6278 | D:6      | Noticed Edmund
  6278 | D:6      | Edmund changed into Edmund the warg
  6288 | D:6      | Killed Edmund the warg
  6288 | D:6      | Reached skill level 1 in Invocations
  6288 | D:6      | Reached XP level 9. HP: 35/62 MP: 10/10
  6473 | D:6      | Reached * piety under Okawaru
  6676 | D:6      | Found a sacrificial altar of Ru.
  6758 | D:6      | XOM: give mutations
  6758 | D:6      | Gained mutation: You sometimes yell uncontrollably at your
                  | foes. [Xom's mischief]
  6758 | D:6      | Lost mutation: Your spells are harder to cast, but more
                  | powerful. [Xom's mischief]
  6758 | D:6      | Lost mutation: One of your tentacles bears a spike. [Xom's
                  | mischief]
  6758 | D:6      | Gained mutation: Your flesh is very heat resistant. (rF++)
                  | [Xom's mischief]
  6801 | D:6      | XOM: stat loss: -1 Dex (12/13)
  7114 | D:6      | Reached skill level 6 in Fighting
  7242 | D:6      | Found a shimmering blue altar of Sif Muna.
  7943 | D:7      | Noticed a two-headed ogre
  7948 | D:7      | Killed a two-headed ogre
  7948 | D:7      | Reached ** piety under Okawaru
  8120 | D:7      | Reached XP level 10. HP: 24/69 MP: 10/13
  8226 | D:7      | XOM: summons 4 hostile demons
  8360 | D:7      | Found a shimmering altar of Xom.
  8361 | D:7      | Found a shimmering altar of Xom.
  8362 | D:7      | Found a shimmering altar of Xom.
  8363 | D:7      | Found a shimmering altar of Xom.
  8363 | D:7      | Found a shimmering altar of Xom.
  8364 | D:7      | Found a shimmering altar of Xom.
  8366 | D:7      | Found a shimmering altar of Xom.
  9162 | D:7      | XOM: summons 1 hostile demon
  9360 | D:7      | Reached skill level 7 in Fighting
  9851 | D:8      | Noticed Pikel
  9865 | D:7      | Noticed Pikel
  9865 | D:7      | Pikel changed into Pikel the queen bee
  9866 | D:7      | Noticed Pikel
  9866 | D:7      | Pikel the queen bee changed into Pikel the fire crab
  9874 | D:8      | Found a staircase to the Lair.
 10534 | D:8      | XOM: summons 4 hostile demons
 10840 | D:8      | Found Pinyx's Book Shop.
 10846 | D:8      | Bought a book of Minor Magic for 280 gold pieces
 10849 | D:8      | Learned a level 2 spell: Blink
 10853 | D:8      | Learned a level 3 spell: Mephitic Cloud
 10862 | D:8      | XOM: give mutations
 10862 | D:8      | Gained mutation: You possess an exceptional clarity of
                  | mind. [Xom's mischief]
 10862 | D:8      | Gained mutation: Your body sometimes deteriorates upon
                  | taking damage. [Xom's mischief]
 10862 | D:8      | Lost mutation: Your body sometimes deteriorates upon taking
                  | damage. [Xom's mischief]
 10862 | D:8      | Lost mutation: You sometimes yell uncontrollably at your
                  | foes. [Xom's mischief]
 10872 | D:8      | Found a snail-covered altar of Cheibriados.
 10884 | D:8      | XOM: stat loss: -3 Str (10/13)
 10996 | D:8      | XOM: divination: magic mapping
 11044 | D:9      | XOM: noise
 11105 | D:9      | Noticed a two-headed ogre
 11106 | D:9      | Noticed a two-headed ogre
 11108 | D:9      | Killed a two-headed ogre
 11108 | D:9      | Reached *** piety under Okawaru
 11108 | D:9      | Reached skill level 10 in Unarmed Combat
 11108 | D:9      | Reached skill level 1 in Spellcasting
 11108 | D:9      | Reached skill level 1 in Translocations
 11108 | D:9      | Reached skill level 5 in Invocations
 11109 | D:9      | Noticed a two-headed ogre
 11557 | D:9      | XOM: noise
 11645 | D:9      | XOM: polymorph white imp -> shadow imp
 11672 | D:9      | Found a staircase to the Orcish Mines.
 11694 | D:9      | Killed a two-headed ogre
 11708 | D:9      | Killed a two-headed ogre
 11708 | D:9      | Reached skill level 8 in Fighting
 11708 | D:9      | Reached XP level 11. HP: 42/78 MP: 14/16
 11819 | D:9      | XOM: cloud trail
 11870 | D:9      | XOM: god gift: leather armour {god gift}
 12096 | D:9      | Found a sparkling altar of Nemelex Xobeh.
 12100 | D:9      | Found an opulent altar of Gozag.
 12207 | D:9      | Found a radiant altar of Vehumet.
 12221 | D:9      | Found a stormy altar of Qazlal.
 13070 | D:7      | Killed Pikel the fire crab
 13070 | D:7      | Received a gift from Okawaru
 13070 | D:7      | Reached skill level 1 in Shields
 13247 | D:10     | Entered Level 10 of the Dungeon
 13491 | D:10     | XOM: 4-stop teleportation journey
 13753 | D:10     | Was forgiven by Xom
 13783 | D:10     | Reached skill level 9 in Fighting
 14443 | D:11     | Noticed a cyan ugly thing
 14490 | D:11     | Killed a cyan ugly thing
 14675 | D:11     | Received a gift from Okawaru
 14686 | D:11     | Killed an unseen horror
 14686 | D:11     | Reached **** piety under Okawaru
 15118 | D:11     | Noticed Grum
 15134 | D:11     | Killed Grum
 15636 | D:11     | Noticed a cyclops
 15647 | D:11     | Killed a cyclops
 15647 | D:11     | Reached skill level 10 in Fighting
 15657 | D:11     | Paralysed by a hornet for 1 turns
 15851 | D:11     | Noticed Maurice
 15852 | D:11     | Noticed Maurice
 15852 | D:11     | Maurice changed into Maurice the worker ant
 15858 | D:11     | Killed Maurice the worker ant
 16035 | Lair:1   | Entered Level 1 of the Lair of Beasts
 16046 | Lair:1   | Noticed a five-headed hydra
 16064 | Lair:1   | Killed a five-headed hydra
 16064 | Lair:1   | Reached XP level 12. HP: 18/87 MP: 19/19
 16501 | Lair:1   | Reached ***** piety under Okawaru
 17216 | Lair:1   | Reached skill level 11 in Fighting
 18659 | Lair:2   | Reached skill level 12 in Fighting
 18742 | Lair:2   | Noticed a five-headed hydra
 18754 | Lair:2   | Killed a five-headed hydra
 18993 | Lair:2   | Found a staircase to the Swamp.
 19317 | Lair:2   | Received a gift from Okawaru
 19331 | Lair:2   | Reached skill level 13 in Fighting
 19333 | Lair:2   | Got a translucent triple crossbow {god gift}
 20314 | Lair:3   | Noticed a death yak
 20314 | Lair:3   | Noticed a death yak
 20314 | Lair:3   | Noticed a death yak
 20545 | Lair:2   | Killed a death yak
 20545 | Lair:2   | Reached XP level 13. HP: 27/100 MP: 20/20
 21087 | Lair:2   | Received a gift from Okawaru
 21243 | Lair:2   | Reached skill level 14 in Fighting
 21259 | Lair:2   | Learned a level 3 spell: Ozocubu's Armour
 21263 | Lair:2   | Learned a level 3 spell: Frozen Ramparts
 21312 | Lair:3   | Reached skill level 1 in Ice Magic
 21337 | Lair:2   | Received a gift from Okawaru
 22583 | Lair:4   | Noticed Rupert
 22780 | Lair:4   | Received a gift from Okawaru
 22827 | Lair:4   | Got a steaming glaive {god gift}
 22830 | Lair:4   | Found a white marble altar of Elyvilon.
 22958 | Lair:4   | Found a staircase to the Snake Pit.
 22986 | Lair:4   | Noticed Urug
 23010 | Lair:4   | Killed Urug
 23922 | Lair:4   | Killed Rupert
 23922 | Lair:4   | Reached ****** piety under Okawaru
 23922 | Lair:4   | Reached skill level 5 in Spellcasting
 24128 | Lair:4   | Reached skill level 5 in Ice Magic
 24662 | Lair:5   | Noticed Sonja
 24663 | Lair:5   | Noticed Sonja
 24663 | Lair:5   | Sonja changed into Sonja the eye of draining
 24671 | Lair:5   | Killed Sonja the eye of draining
 24691 | Lair:5   | Received a gift from Okawaru
 25818 | Lair:5   | Reached skill level 5 in Shields
 25818 | Lair:5   | Reached XP level 14. HP: 108/108 MP: 23/25
 26461 | Lair:6   | Entered Level 6 of the Lair of Beasts
 27451 | Lair:6   | Received a gift from Okawaru
 27727 | Lair:6   | Found a staircase to the Slime Pits.
 28104 | Lair:6   | Noticed a dire elephant
 28118 | Lair:6   | Killed a dire elephant
 28158 | Lair:6   | Found a burning altar of Makhleb.
 28490 | Lair:6   | Found a gateway to Hell.
 29777 | D:12     | Noticed Nergalle
 29785 | D:12     | Killed Nergalle
 29966 | D:12     | Reached skill level 10 in Shields
 30491 | D:13     | Found a transporter.
 30495 | D:13     | Noticed Xuantum's ghost (journeyman GnIE)
 30817 | D:13     | Found a sparkling altar of Nemelex Xobeh.
 31020 | D:13     | Found a transporter.
 31851 | D:13     | Received a gift from Okawaru
 31897 | D:12     | Found a shimmering altar of Xom.
 32455 | D:14     | Reached XP level 15. HP: 108/114 MP: 25/27
 32600 | D:14     | Found a bloodstained altar of Trog.
 33268 | D:13     | Received a gift from Okawaru
 33421 | D:13     | Reached skill level 15 in Fighting
 33793 | D:14     | Found a gate to the Vaults.
 33880 | D:15     | Entered Level 15 of the Dungeon
 34804 | D:15     | Noticed Azrael
 34834 | D:15     | Killed Azrael
 35073 | D:15     | Found a staircase to the Depths.
 35237 | Orc:1    | Entered Level 1 of the Orcish Mines
 35264 | Orc:2    | Entered Level 2 of the Orcish Mines
 35618 | Orc:1    | Found a roughly hewn altar of Beogh.
 36505 | Orc:1    | Found a roughly hewn altar of Beogh.
 36666 | Orc:2    | Found Anik's Antique Weapon Boutique.
 37386 | Orc:2    | Found a staircase to the Elven Halls.
 37406 | Orc:2    | Reached skill level 16 in Fighting
 37677 | Orc:2    | Found Uttofutua's Magic Scroll Emporium.
 37677 | Orc:2    | Found Awkostro's Gadget Shop.
 37690 | Orc:2    | Found Ythrolet's Magic Scroll Emporium.
 37690 | Orc:2    | Found Saocunua's Antique Weapon Shop.
 37754 | Orc:2    | Bought a wand of enslavement (6) for 120 gold pieces
 37754 | Orc:2    | Bought a wand of paralysis (3) for 75 gold pieces
 37754 | Orc:2    | Bought a box of beasts (3/3) for 300 gold pieces
 37956 | Orc:2    | Bought a scroll of fear for 38 gold pieces
 37956 | Orc:2    | Bought a scroll of fog for 22 gold pieces
 37956 | Orc:2    | Bought a scroll of teleportation for 33 gold pieces
 37962 | Orc:2    | Bought a scroll of enchant armour for 112 gold pieces
 37990 | Elf:1    | Entered Level 1 of the Elven Halls
 38015 | Elf:1    | Reached XP level 16. HP: 125/125 MP: 30/30
 38265 | Elf:1    | Received a gift from Okawaru
 39167 | Elf:2    | Received a gift from Okawaru
 39394 | Elf:2    | Killed from afar by a deep elf mage

Illustrated notes

Levels and vault maps discovered:
D:1:      nzn_arrival_depleted_hourglass, layout_loops_ring,
          grunt_decor_one_mirror
D:2:      layout_basic, elyvilon_altar_1, eat_drink_and_be_merry_uskayaw,
          lemuel_doored_altar, minmay_joined_circles, uniq_sigmund
D:3:      layout_rooms, overflow_temple_1_default, uniq_natasha,
          uniq_crazy_yiuf_cottage
D:4:      layout_basic, bloody_makhleb, gup_sewer_entry_bowl,
          nicolae_dithmenos_through_a_glass_darkly
D:5:      layout_gridville, tso_oasis_becter
D:6:      layout_cave_pods, led_sif_pool, nicolae_ru_sacrificial_ziggurat,
          minmay_temple_entry_sparse_star, uniq_edmund, uniq_menkaure
D:7:      layout_basic, xom_redecorated
D:8:      layout_rooms, cheibriados_altar_1, lair_entry_dummy, serial_shops,
          shop, uniq_pikel
D:9:      layout_gridville, grunt_temple_overflow_opulence,
          kennysheep_mini_moat, lemuel_crystal_altar, zombieorc2_lemuel
D:10:     old_forge, layout_stronghold
D:11:     layout_roguey, uniq_grum, uniq_maurice
D:12:     lemuel_upstairs_altar, layout_irregular_city, serial_bayou_pond_d,
          uniq_nergalle
D:13:     layout_basic, serial_co_window_serial, co_window_paths_b,
          co_window_corner_a, co_window_corner_a, co_window_paths_a,
          co_window_paths_a, co_window_2corner, co_window_2corner,
          co_window_cross_3, co_window_broadway_b, glass_columns_a,
          glass_columns_a, glass_columns_a, glass_columns_a, glass_columns_a,
          gammafunk_ghost_berserking_beasts, nemelex_diamond_rough_becter
D:14:     layout_long_grid, grunt_vaults_entry_tiered,
          minmay_misc_feat_enclosed, kennysheep_diamond
D:15:     grunt_enter_depths_snipers, layout_basic, uniq_azrael
Temple:   corrupted_temple
Lair:1:   layout_loops_ring, st_stairs_4, grunt_megastairs_4
Lair:2:   layout_regular_city, minmay_swamp_entry_swarm
Lair:3:   layout_small_grid, grunt_megastairs_2, infiniplex_staircase_pool_2
Lair:4:   statuecave_lemuel, layout_misc_corridors, dummy_snake_entry,
          basic_altar, nicolae_quartered_pool_little, serial_bayou_pond_d,
          uniq_rupert, uniq_urug
Lair:5:   layout_gridlike, small_statue_intersection, minmay_lair_oklob_chamber,
          grunt_megastairs_1, uniq_sonja
Lair:6:   evil_forest, layout_cellular_growth, nicolae_slime_entry_slimehenge,
          grunt_megastairs_5
Orc:1:    layout_diamond_mine, basic_altar, minmay_orc_temple_c
Orc:2:    grunt_orc_tribal_feast, layout_caves, serial_shops,
          nicolae_shop_statue_plus
Elf:1:    layout_loops_cross, hangedman_elf_disciples
Elf:2:    layout_rooms

Skill      XL: |  1  2  3  4  5  6  7  8  9 10 11 12 13 14 15 16 |
---------------+-------------------------------------------------+-----
Dodging        | 3 4 5 6 7 8 9 |  9.0
Unarmed Combat | 4 5 6 7 9 10 11 12 13 | 13.4
Fighting       | 4 5 6 8 10 13 14 16 | 16.9
Evocations     | 2 5 6 |  6.0
Invocations    | 1 3 5 7 |  7.0
Spellcasting   | 2 4 5 6 8 |  8.0
Translocations | 3 |  3.0
Shields        | 2 5 10 12 | 12.0
Ice Magic      | 6 |  6.0

Action                   |  1- 3 |  4- 6 |  7- 9 | 10-12 | 13-15 | 16-18 || total
-------------------------+-------+-------+-------+-------+-------+-------++-------
Melee: Unarmed           |    68 |   126 |   268 |   804 |  1235 |   219 ||  2720
       Constrict         |    14 |    32 |    54 |   120 |   197 |    36 ||   453
       Tentacles         |     4 |    22 |    44 |   162 |   291 |    52 ||   575
       Punch             |     1 |     9 |    19 |    86 |   161 |    37 ||   313
       Kick              |       |       |    65 |       |       |       ||    65
Throw: Dart              |       |       |     4 |     3 |    27 |       ||    34
       Javelin           |       |       |       |     2 |    17 |       ||    19
 Cast: Ozocubu's Armour  |       |       |       |       |     3 |     1 ||     4
       Frozen Ramparts   |       |       |       |       |     3 |     1 ||     4
       Blink             |       |       |       |       |     1 |       ||     1
Invok: Heroism           |       |       |     1 |    55 |    68 |    14 ||   138
Evoke: Wand              |       |     1 |    32 |    24 |    10 |       ||    67
       Lightning rod     |       |       |       |     6 |    11 |       ||    17
       Box of beasts     |       |       |       |       |       |     3 ||     3
  Use: Scroll            |       |       |     8 |    17 |    11 |     1 ||    37
       Potion            |       |       |       |     1 |       |     7 ||     8
 Stab: Sleeping          |     7 |     3 |     2 |    10 |    14 |     2 ||    38
       Paralysed         |       |       |     8 |       |       |       ||     8
       Distracted        |       |       |       |     5 |     2 |     1 ||     8
       Invisible         |       |       |       |       |       |     5 ||     5
Armor: Skin              |     5 |     6 |     9 |    15 |     6 |     3 ||    44
Dodge: Dodged            |    42 |    66 |   131 |   434 |   340 |    40 ||  1053
Block: Other             |       |       |    26 |    52 |       |       ||    78
       Buckler           |       |       |       |   171 |    42 |       ||   213
       Reflection        |       |       |       |     3 |    52 |    29 ||    84
       Tower shield      |       |       |       |       |   941 |   182 ||  1123

Table legend: (Time is in decaauts)
 A = Elapsed time spent in this place.
 B = Non-inter-level travel time spent in this place.
 C = Inter-level travel time spent in this place.
 D = Time resting spent in this place.
 E = Time spent auto-exploring this place.
 F = Levels seen in this place.
 G = Mean time per level.
                   A        B        C        D        E       F      G
               +--------+--------+--------+--------+--------+-----+--------+
         Total |  38894 |  37694 |   1200 |   8469 |  23315 |  27 | 1440.5 |
       Dungeon |  22383 |  21658 |    725 |   3558 |  14801 |  15 | 1492.2 |
        Temple |     25 |     15 |     10 |      0 |      0 |   1 |   25.0 |
          Lair |  12133 |  11773 |    360 |   4301 |   5916 |   6 | 2022.2 |
  Orcish Mines |   2704 |   2603 |    101 |    377 |   1678 |   2 | 1352.0 |
   Elven Halls |   1345 |   1342 |      3 |    222 |    697 |   2 |  672.5 |
         Sewer |    302 |    302 |      0 |     10 |    223 |   1 |  302.0 |
               +--------+--------+--------+--------+--------+-----+--------+

Top non-repeatable levels by time:
  Lair:2: 2900 daAuts
     D:7: 2424 daAuts
    D:13: 2246 daAuts
  Lair:6: 2201 daAuts
  Lair:4: 2175 daAuts
     D:9: 2062 daAuts
     D:6: 1884 daAuts
  Lair:1: 1856 daAuts
    D:11: 1706 daAuts
     D:8: 1647 daAuts
  Lair:5: 1530 daAuts
  Lair:3: 1470 daAuts
    D:14: 1446 daAuts
   Orc:1: 1422 daAuts
    D:12: 1411 daAuts
